Map: Nightshade LE

Players

PabloPicasso - Winner!

  • Race: Protoss Protoss
  • League: Diamond
  • Spawn Location: 5:00

Bojinkins

  • Race: Terran Terran
  • League: Master
  • Spawn Location: 11:00

VOD

Have the link to the VOD?

Description

Time

  • Played on: Jan. 16, 2020, 7:59 p.m.
  • Length: 11:00
Show
View Real Time Build Order
Export as new Build Order

PabloPicasso Protoss - Winner!

Build Orders: Zealot Archon, Dark Templar Rush 

Get SALT Encoding   

  12  0:00  Probe  
  13  0:12  Probe  
  14  0:17  Pylon  
  14  0:24  Probe (Chrono Boost)  
  15  0:37  Probe (Chrono Boost), Gateway  
  16  0:45  Probe (Chrono Boost)  
  16  0:47  Assimilator  
  17  0:51  Probe  
  18  0:59  Assimilator  
  18  1:03  Probe (Chrono Boost)  
  19  1:13  Probe (Chrono Boost)  
  19  1:18  Probe (Chrono Boost), Gateway  
  21  1:29  Probe  
  21  1:31  Cybernetics Core  
  22  1:41  Pylon  
  22  1:42  Probe  
  23  1:56  Pylon  
  24  2:09  Warp Gate, Adept x2  
  27  2:20  Twilight Council  
  27  2:23  Probe  
  28  2:36  Robotics Facility  
  28  2:41  Probe  
  28  3:06  Dark Shrine  
  28  3:19  Nexus  
  28  3:26  Warp Prism (Chrono Boost)  
  28  4:02  Probe (Chrono Boost)  
  29  4:03  Pylon  
  29  4:04  Observer  
  30  4:12  Probe (Chrono Boost)  
  31  4:17  Probe (Chrono Boost)  
  31  4:22  Dark Templar x2  
  34  4:24  Gateway  
  34  4:29  Probe (Chrono Boost)  
  35  4:32  Observer  
  35  4:37  Probe x2 (Chrono Boost)  
  38  4:44  Probe (Chrono Boost)  
  40  4:46  Probe (Chrono Boost)  
  40  4:49  Probe (Chrono Boost)  
  41  4:55  Probe  
  42  5:01  Probe  
  42  5:02  Dark Templar x2  
  47  5:07  Probe  
  48  5:16  Probe  
  48  5:18  Assimilator  
  48  5:19  Probe  
  48  5:20  Assimilator  
  48  5:31  Pylon  
  47  5:40  Dark Templar x2  
  51  5:44  Probe (Chrono Boost)  
  51  5:46  Probe (Chrono Boost)  
  45  5:52  Zealot  
  45  5:55  Probe (Chrono Boost)  
  45  5:56  Probe (Chrono Boost)  
  43  6:01  Probe (Chrono Boost)  
  42  6:08  Probe  
  42  6:11  Probe  
  44  6:20  Probe  
  44  6:23  Probe  
  46  6:35  Probe (Chrono Boost)  
  47  6:40  Probe (Chrono Boost)  
  49  6:50  Probe x2 (Chrono Boost)  
  49  6:51  Stalker x3  
  56  7:05  Probe (Chrono Boost)  
  58  7:11  Probe (Chrono Boost)  
  58  7:13  Nexus  
  58  7:15  Probe (Chrono Boost)  
  59  7:17  Archon  
  59  7:18  Archon  
  59  7:19  Probe (Chrono Boost)  
  59  7:21  Probe (Chrono Boost)  
  62  7:30  Probe (Chrono Boost)  
  61  7:37  Probe (Chrono Boost)  
  61  7:38  Probe (Chrono Boost)  
  61  7:39  Warp Prism  
  61  7:44  Probe x2  
  66  7:55  Blink (Chrono Boost)  
  66  7:56  Probe  
  67  8:05  Stalker  
  67  8:10  Pylon  
  67  8:12  Pylon  
  69  8:15  Observer  
  69  8:18  Robotics Bay  
  70  8:22  Pylon  
  70  8:25  Probe, Gateway  
  71  8:27  Dark Templar x2  
  71  8:29  Gateway, Dark Templar  
  71  8:32  Archon  
  77  8:37  Nexus  
  77  8:43  Probe (Chrono Boost)  
  80  8:48  Probe (Chrono Boost)  
  80  8:49  Probe (Chrono Boost)  
  80  8:52  Probe (Chrono Boost)  
  83  8:56  Probe x2 (Chrono Boost)  
  83  8:57  Probe (Chrono Boost)  
  84  9:07  Probe x2  
  84  9:30  Stalker x5  
  89  9:47  Probe  
  89  9:52  Gateway  
  86  9:54  Gateway  
  86  9:56  Stalker x4  
  86  9:57  Gateway, Stalker  
  92  10:00  Warp Prism (Chrono Boost)  
  94  10:09  Assimilator  
  94  10:11  Assimilator  
  94  10:17  Pylon  
  94  10:19  Pylon  
  94  10:21  Pylon, Probe  
  95  10:32  Stalker x5  
  106  10:35  Probe (Chrono Boost)  
  106  10:39  Probe (Chrono Boost)  
  106  10:41  Probe (Chrono Boost)  
  115  10:43  Probe (Chrono Boost)  
  115  10:46  Probe (Chrono Boost)  
  113  10:52  Probe (Chrono Boost)  
Show
View Real Time Build Order
Export as new Build Order

Bojinkins Terran 

Build Orders: Reaper Expand 

Get SALT Encoding   

  12  0:01  SCV  
  13  0:14  SCV  
  13  0:18  Supply Depot  
  14  0:26  SCV  
  15  0:39  SCV  
  15  0:42  Barracks  
  16  0:46  Refinery  
  16  0:51  SCV  
  17  1:04  SCV  
  18  1:16  SCV  
  19  1:30  Reaper, Orbital Command  
  20  1:47  Command Center  
  20  1:55  SCV  
  21  2:02  Marine  
  21  2:07  Supply Depot  
  22  2:09  SCV  
  22  2:14  Factory  
  23  2:17  Refinery  
  23  2:23  Barracks Reactor  
  23  2:27  Bunker  
  23  2:33  SCV  
  24  2:46  SCV  
  25  2:58  SCV  
  26  3:04  Marine x2  
  29  3:05  Widow Mine  
  29  3:06  Orbital Command  
  29  3:10  Starport  
  29  3:15  Supply Depot  
  29  3:17  SCV  
  30  3:27  Widow Mine  
  32  3:29  SCV  
  32  3:34  Marine x2, SCV  
  34  3:38  Supply Depot  
  36  3:42  SCV  
  36  3:46  SCV  
  38  3:54  SCV  
  37  3:58  SCV, Marine x2  
  40  4:06  Medivac, SCV  
  40  4:07  Widow Mine  
  45  4:10  SCV  
  46  4:18  Marine x2  
  46  4:20  SCV  
  46  4:22  SCV  
  50  4:29  Factory Tech Lab  
  50  4:32  SCV  
  50  4:35  Barracks  
  50  4:37  Supply Depot, SCV  
  52  4:41  Starport Tech Lab  
  52  4:44  Marine, Barracks  
  49  4:47  SCV  
  49  4:49  SCV  
  49  4:52  Engineering Bay  
  48  5:05  Orbital Command  
  47  5:18  Marine x2  
  47  5:21  Starport Tech Lab  
  48  5:31  Orbital Command  
  48  5:36  Missile Turret  
  48  5:38  Marine  
  48  5:43  Marine  
  47  6:01  Marine  
  47  6:04  Marine  
  47  6:09  Missile Turret  
  47  6:18  Supply Depot x2  
  47  6:24  Missile Turret  
  45  6:39  SCV, Marine  
  47  6:40  Viking  
  47  6:41  Missile Turret  
  45  6:57  Supply Depot  
  41  7:08  Supply Depot  
  41  7:10  Supply Depot, Command Center  
  41  7:12  Bunker  
  41  7:18  Marine x3  
  41  7:19  SCV  
  45  7:24  Widow Mine  
  47  7:36  Marine  
  47  7:40  Terran Infantry Weapons Level 1  
  44  7:45  Starport Reactor  
  44  7:47  Barracks Tech Lab  
  44  7:49  Barracks Tech Lab  
  44  7:54  SCV  
  44  7:55  Marine  
  46  8:03  Factory Tech Lab  
  46  8:06  SCV  
  46  8:08  Refinery  
  46  8:09  Refinery  
  47  8:18  SCV  
  48  8:30  SCV  
  48  8:32  Marine x3  
  52  8:43  SCV  
  52  8:44  Bunker  
  52  8:47  Supply Depot  
  53  8:48  Supply Depot  
  53  8:49  Stimpack  
  53  8:50  Marine x2  
  53  8:52  Supply Depot  
  53  8:55  SCV  
  58  8:56  Orbital Command  
  58  9:01  Cyclone  
  60  9:04  Marine  
  60  9:07  SCV  
  61  9:18  Marine x2  
  61  9:19  SCV  
  61  9:21  Marine  
  61  9:22  Viking x2  
  64  9:37  SCV, Marine x2  
  64  9:38  SCV  
  60  9:39  Marine  
  50  9:50  SCV x2  
  47  9:54  Marine  
  47  9:55  Marine  
  47  9:57  Marine  
  47  10:01  Siege Tank  
  47  10:07  Orbital Command  
  47  10:12  Marine x2  
  48  10:15  Marine  
  48  10:18  Medivac  
  48  10:30  Marine x2  
  48  10:33  Marine  
Tags
 
Add a new tag
Caveats
  • Supply blocks, unpowered buildings, or Contaminate may cause inaccurate times.
  • Supply counts are checked every 10 seconds.